 Dungeon Crawl Stone Soup version 0.30-a0-335-ge5acde7520 (webtiles) character file.

Game seed: 9133720611875277584

231353 jlumianski the Peltast (level 18, -13/142 HPs)
             Began as a Demonspawn Fighter on Oct 28, 2022.
             Was a High Priest of Qazlal.
             Killed by the raging water
             ... invoked by a water nymph
              (43 damage)
             ... on level 4 of the Shoals on Oct 30, 2022.
             The game lasted 04:13:29 (35554 turns).

jlumianski the Peltast (Demonspawn Fighter)        Turns: 35554, Time: 04:13:29

Health: -13/142    AC: 25    Str: 24    XL:     18   Next: 79%
Magic:  30/30      EV:  8    Int: 12    God:    Qazlal [*****.]
Gold:   1158       SH: 35    Dex: 13    Spells: 17/17 levels left

rFire   . . .      SeeInvis +    a - +8 war axe "Jyathada" {vamp, Int+2 Stlth+}
rCold   . . .      Faith    .    P - +1 kite shield
rNeg    . . .      Spirit   .    u - +1 plate armour {rPois}
rPois   +          Reflect  +    k - +2 helmet {SInv}
rElec   .          Harm     .    g - scarf {+Inv}
rCorr   .          Rampage  .    r - +2 pair of gloves
Will    +....                    (boots unavailable)
Stlth   ..........               n - amulet of reflection
HPRegen 0.43/turn                V - +4 ring of slaying
MPRegen 0.44/turn                j - ring of flight

@: about to teleport, protected from physical damage, flying, studying 3 skills,
repel missiles, unable to read
A: hooves 3, large bone plates 3, icemail 2, magic regeneration, condensation
shield, screaming 1, inability to read after injury 1
}: 1/15 runes: gossamer
a: Renounce Religion, Evoke Invisibility, Upheaval, Elemental Force, Disaster
Area


You were on level 4 of the Shoals.
You worshipped Qazlal.
Qazlal was extremely pleased with you.
You visited 6 branches of the dungeon, and saw 31 of its levels.
You also visited: Bailey and Volcano.

You collected 4876 gold pieces.
You spent 3718 gold pieces at shops.

Inventory:

Hand Weapons
 a - the +8 war axe "Jyathada" (weapon) {vamp, Int+2 Stlth+}
   (You bought it in a shop on level 4 of the Dungeon)

   It occasionally heals its wielder for a portion of the damage dealt when it
   wounds a living foe.
   Int:       It affects your intelligence (+2).
   Stlth:     It makes you more stealthy.
 Q - a +3 broad axe of flaming
Missiles
 l - 19 javelins
 w - 3 throwing nets
 x - 29 boomerangs (quivered)
 z - 14 atropa-tipped darts
 H - 4 silver javelins
Armour
 g - a scarf of invisibility (worn)
 k - a +2 helmet of see invisible (worn)
 m - a +2 cloak
 r - a +2 pair of gloves (worn)
 u - a +1 plate armour of poison resistance (worn)
 P - a +1 kite shield (worn)
Jewellery
 i - a ring of ice
 j - a ring of flight (right hand)
 n - an amulet of reflection (around neck)
 v - a ring of protection from fire
 y - a ring of protection from fire
 A - a +6 ring of strength
 E - the amulet of Okawaru's Envy {Faith Will- Slay+5}
   (You found it on level 4 of the Shoals)

   [amulet of faith]

   It allows you to gain divine favour quickly.
   Slay:      It affects your accuracy & damage with ranged weapons and melee
   (+5).
   Will:      It decreases your willpower.
 F - a ring of protection from cold
 O - an amulet of regeneration
 V - a +4 ring of slaying (left hand)
Wands
 c - a wand of digging (2)
 s - a wand of flame (16)
 S - a wand of iceblast (18)
 W - a wand of mindburst (27)
 X - a wand of light (6)
Scrolls
 e - 10 scrolls of teleportation
 h - 7 scrolls of fear
 B - 10 scrolls of poison
 D - a scroll of enchant armour
 M - 2 scrolls of magic mapping
 T - a scroll of summoning
 U - a scroll of silence
 Z - 2 scrolls of fog
Potions
 b - 2 potions of mutation
 d - 7 potions of might
 f - 18 potions of curing
 o - 2 potions of berserk rage
 q - 3 potions of cancellation
 t - 2 potions of invisibility
 G - a potion of brilliance
 I - 8 potions of haste
 K - 10 potions of heal wounds
 R - 3 potions of flight
 Y - 2 potions of resistance
Miscellaneous
 p - a lightning rod (4/4)
 C - a phial of floods


   Skills:
 + Level 12.9 Fighting
 + Level 16.8 Axes
 + Level 3.3 Throwing
 + Level 9.3 Armour
 + Level 5.2 Dodging
 + Level 2.2 Stealth
 + Level 16.9 Shields
 * Level 16.2 Invocations
 * Level 12.8 Evocations


You had 17 spell levels left.
You didn't know any spells.
Your spell library contained the following spells:

 Spells                   Type           Power      Damage    Failure   Level
 Apportation              Tloc           0%         N/A       99%         1
 Shock                    Conj/Air       0%         1d3       99%         1
 Summon Small Mammal      Summ           0%         N/A       99%         1
 Scorch                   Fire           0%         2d5       100%        2
 Sublimation of Blood     Necr           0%         N/A       100%        2
 Call Canine Familiar     Summ           0%         N/A       100%        3
 Dazzling Flash           Conj/Hex       0%         N/A       100%        3
 Gell's Gravitas          Tloc           0%         N/A       100%        3
 Hailstorm                Conj/Ice       0%         3d3       100%        3
 Ignite Poison            Fire/Tmut/Pois 0%         N/A       100%        3
 Portal Projectile        Hex/Tloc       0%         N/A       100%        3
 Summon Guardian Golem    Hex/Summ       0%         N/A       100%        3
 Swiftness                Air            0%         N/A       100%        3
 Teleport Other           Tloc           0%         N/A       100%        3
 Vhi's Electric Charge    Tloc/Air       0%         N/A       100%        3
 Airstrike                Air            0%         2d(0-16)  100%        4
 Flame Wave               Conj/Fire      0%         2d4       100%        4
 Fulminant Prism          Conj/Hex       0%         3d5       100%        4
 Ice Form                 Ice/Tmut       0%         N/A       100%        4
 Iskenderun's Mystic Bla  Conj/Tloc      0%         2d3       100%        4
 Leda's Liquefaction      Hex/Erth       0%         N/A       100%        4
 Petrify                  Tmut/Erth      0%         N/A       100%        4
 Sticky Flame             Conj/Fire      0%         2d3       100%        4
 Alistair's Intoxication  Tmut/Pois      0%         N/A       100%        5
 Irradiate                Conj/Tmut      0%         3d11      100%        5
 Lee's Rapid Deconstruct  Erth           0%         3d4*      100%        5
 Dispersal                Tloc           0%         N/A       100%        6
 Simulacrum               Ice/Necr       0%         N/A       100%        6
 Starburst                Conj/Fire      0%         6d3       100%        6
 Summon Cactus Giant      Summ           0%         N/A       100%        6
 Enfeeble                 Hex            0%         N/A       100%        7
 Orb of Destruction       Conj           0%         9d5       100%        7
 Spellforged Servitor     Conj/Summ      0%         N/A       100%        7
 Borgnjor's Revivificati  Necr           0%         N/A       100%        8
 Ignition                 Fire           0%         3d3       100%        8
 Lehudib's Crystal Spear  Conj/Erth      0%         10d2      100%        8
 Necromutation            Tmut/Necr      0%         N/A       100%        8
 Death's Door             Necr           0%         N/A       100%        9


Dungeon Overview and Level Annotations

Branches:
Dungeon (15/15) Temple (1/1) D:4 Lair (5/5) D:11 Shoals (4/4) Lair:2 Spider (4/4) Lair:3 Slime (0/5) Lair:4 Orc (2/2) D:9 Elf (0/3) Orc:2 Vaults (0/5) D:12 D:13 Depths (0/4) D:15 Bailey (visited) Volcano (visited)

Altars:
Ashenzari
Cheibriados
Dithmenos
Fedhas
Gozag
Hepliaklqana
Kikubaaqudgha
Makhleb
Nemelex Xobeh
Okawaru
Qazlal
Ru
Sif Muna
Trog
Uskayaw
Vehumet
Wu Jian
Xom
Yredelemnul

Shops:
D:1 [   D:4 =(!   D:5 (   D:12 =   D:14 (*=*   Orc:1 (   Orc:2 [[(((
Shoals:1 =

Portals:
Trove: D:12 (give +5 demon blade)

Annotations:
D:5 HilariousDeathArtist's ghost, amateur DjTm


Innate Abilities, Weirdness & Mutations

You have hooves in place of feet.
You are completely covered in large bone plates. (SH +8)
A meltable icy envelope protects you from harm. (AC +0)
You regenerate magic rapidly.
A meltable shield of frost defends you. (SH +0)
You occasionally shout uncontrollably at your foes.
You occasionally lose the ability to read scrolls when taking damage.


Message History

The water nymph shouts! x2
The water nymph casts a spell at you. The water rises up and strikes you.
You slice the sea snake!!
You feel better.
You kick the sea snake!
The sea snake is heavily wounded.
You block the sea snake's attack.
A water nymph comes into view.
You completely miss the sea snake.
The sea snake is heavily wounded.
You block the sea snake's attack. You block the merfolk's attack.
You block the sea snake's attack.
The merfolk aquamancer gestures at you while chanting.
The torrent of water reflects off an invisible shield around you!
The torrent of water hits the merfolk aquamancer!!
The merfolk aquamancer is knocked back by the torrent of water.
The wave splashes down.
The merfolk impaler is engulfed in freezing vapours.
You block the merfolk's attack.
As you read the scroll of teleportation, it crumbles to dust.
You feel strangely unstable. You block the sea snake's attack.
A manticore comes into view.
You block the merfolk impaler's attack. You block the merfolk's attack.
The sea snake bites you but does no damage.
The water nymph casts a spell at you. The water rises up and strikes you.
The water nymph gestures at you while chanting.
The water rises up and strikes you!!
* * * LOW HITPOINT WARNING * * *
You block the merfolk impaler's attack. You block the merfolk's attack.
The merfolk aquamancer points at you and mumbles some strange words.
The torrent of water reflects off an invisible shield around you!
The torrent of water hits the merfolk aquamancer!!
The merfolk aquamancer is knocked back by the torrent of water.
The wave splashes down.
The sea snake attacks as you move away! You block the sea snake's attack.
Your protection from physical attacks is fading.
The water nymph casts a spell at you. The water rises up and strikes you!!!
You feel threatened and lose the ability to read scrolls!
You die...

#~~~~~~~~≈ ##≈≈≈≈≈## ≈≈
#~~~~~~~~~≈≈##≈#....~# ≈≈#
#~~~~~~~~~≈≈#≈#..≈≈..~ #≈~
#~~~~~~.~~~~#≈..≈≈≈#.. #
~~~#~~~~~~~~~~≈#≈.≈≈##≈..
~~#m#~~~~~~~~~~~#≈.≈≈#≈.#.
#~#~~~~§○~○~~~~#≈..#≈....
.~~#~~~m~~○○~~~~~##~...#..#
#~H~~○§S@~~~~~~≈##~....#.
~~~~~~~§~§~~~~≈~~≈~######..
~~~~~~~m~~~○~≈~~~~~~~PP..P)
~~~~~~~~m~mm~~~~P~~~~~P~(~....
~~~~~~~~~~H~~~~~≈≈≈≈~~P~P~..P.
~~~~~~~~~~~~~~~P≈≈≈≈~P~P~~.PP.
~~~~~..~~~~~m~≈≈≈≈≈≈≈~P~~....#
~~~....~~~~~~~≈≈≈≈≈≈~~~....##
#....m~~~~~~P~P~~~~P~....#~


You could see a merfolk impaler, a merfolk javelineer, a sea snake, a merfolk
aquamancer, a merfolk, 2 manticores and 3 water nymphs.

Vanquished Creatures
  Rupert (D:12)
  Jorgrun (Spider:3)
  Polyphemus (Shoals:1)
  Gastronok (Orc:1)
  7 emperor scorpions (Spider:3)
  3 ghost moths
  2 orc warlords
  2 dire elephants (Lair:5)
  A minotaur (Orc:2)
  5 merfolk impalers
  6 spark wasps
  An ettin (D:9)
  3 merfolk javelineers
  A great orb of eyes (D:15)
  Josephine (Lair:3)
  5 entropy weavers
  The ghost of Manan the Cleaver, a journeyman MiBe of Trog (Orc:2)
  2 rakshasas
  Fannar (D:12)
  4 jorogumos (Spider:2)
  An ice dragon (Orc:2)
  2 ogre magi
  2 hydras
  3 catoblepae
  3 merfolk avatars
  8 boulder beetles
  A death knight (D:15)
  4 radroaches
  3 merfolk aquamancers
  9 centaur warriors
  15 two-headed ogres
  A naga warrior (Orc:2)
  22 death yaks
  A death scarab (Spider:2)
  Urug (D:12)
  An orc high priest (Orc:2)
  8 skeletal warriors
  A hell knight (Volcano)
  Amaemon (D:11)
  A spectral death yak (Lair:5)
  10 pharaoh ants
  12 steelbarb worms
  A spectral anaconda (Lair:5)
  13 sea snakes
  2 obsidian statues
  5 orb spiders
  19 wolf spiders
  4 necromancers (Lair:5)
  22 harpies
  4 orc knights
  18 ugly things
  10 manticores
  A deep elf archer (Orc:1)
  3 orc sorcerers
  2 deep elf pyromancers
  5 cyclopes
  An ice statue (D:10)
  5 black mambas
  9 merfolk sirens
  3 moths of wrath
  A dire elephant zombie (Lair:5)
  26 elephants
  Maurice (D:13)
  An orange demon (D:11)
  2 molten gargoyles (Volcano)
  7 torpor snails
  Psyche (D:12)
  7 cane toads
  3 freezing wraiths (D:15)
  2 rime drakes
  11 demonic crawlers
  Maggie (D:8)
  A tengu conjurer (D:14)
  9 komodo dragons
  6 ice devils (D:10)
  A yaktaur (D:13)
  14 merfolk
  6 trolls
  10 meliai
  2 polar bears
  5 wind drakes
  A wind drake (shapeshifter) (D:13)
  33 tarantellas
  A polar bear (shapeshifter) (D:14)
  Prince Ribbit (D:8)
  6 hornets (Spider:2)
  31 slime creatures
  A spectral elephant (Lair:5)
  12 blink frogs
  10 snapping turtles
  11 dream sheep
  18 culicivoras
  24 jumping spiders
  10 wraiths
  2 shadows
  3 wyverns
  10 water elementals
  2 fire bats (Volcano)
  30 yaks
  3 vampires
  A death yak simulacrum (Lair:5)
  3 basilisks
  16 humans
  Grum (D:7)
  47 redbacks
  A steam dragon (D:9)
  Edmund (D:6)
  3 swamp worms (Lair:2)
  5 wargs
  3 acid dragons
  A two-headed ogre zombie (D:9)
  A spectral cane toad (Lair:5)
  15 water moccasins
  2 sky beasts
  2 hell hounds (Orc:2)
  3 ice beasts
  40 orc warriors
  2 black bears (Lair:1)
  7 ogres
  9 wolves
  11 centaurs
  A tengu (shapeshifter) (D:15)
  3 phantoms
  2 kobold brigands
  12 bullfrogs
  A necrophage (D:8)
  A gnoll sergeant (D:3)
  3 scorpions
  10 wights
  A troll zombie (D:9)
  11 killer bees
  3 electric eels (D:7)
  5 howler monkeys
  2 elephant simulacra (Lair:5)
  9 lava snakes
  2 jellies
  7 hounds
  A gnoll bouda (Orc:1)
  16 orc priests
  20 orc wizards
  3 iguanas
  6 ogre zombies (D:9)
  Robin (D:2)
  8 adders
  13 gnolls
  A shadow imp (D:6)
  2 white imps
  6 ufetubi (D:10)
  2 worms (D:2)
  10 dart slugs
  98 orcs
  2 bats
  7 endoplasms
  2 giant cockroaches
  15 hobgoblins
  16 kobolds
  4 quokkas
  6 ball pythons
  2 frilled lizards (D:1)
  36 goblins
  A goblin skeleton (D:9)
  4 goblin zombies (D:9)
  2 hobgoblin skeletons (D:9)
  2 hobgoblin zombies (D:9)
  2 orc skeletons (D:9)
  14 orc zombies (D:9)
  3 rats
  A bush (D:3)
  2 butterflies (Lair:5)
1167 creatures vanquished.

Vanquished Creatures (collateral kills)
  A spark wasp (Spider:4)
  Snorg (D:9)
  A merfolk javelineer (Shoals:4)
  A fire dragon (D:15)
  An entropy weaver (shapeshifter) (D:14)
  An entropy weaver (Spider:1)
  An ettin (Orc:1)
  A radroach (Spider:2)
  A steelbarb worm (Spider:2)
  A sea snake (Shoals:4)
  3 orb spiders
  An orc knight (Orc:1)
  An oklob plant (Shoals:4)
  2 torpor snails
  A demonic crawler (Spider:3)
  2 meliai (Spider:4)
  A tarantella (Spider:2)
  2 jumping spiders (Spider:3)
  A snapping turtle (Shoals:4)
  A redback (Spider:2)
  A scorpion (Spider:2)
  An orc wizard (Orc:2)
  3 orcs (Orc:2)
30 creatures vanquished.

Vanquished Creatures (others)
  A spectral elephant (Lair:5)
  A jumping spider (Spider:2)
  A gnoll (Bailey)
  A butterfly (D:3)
  23 fungi
  67 plants
  32 withered plants (Lair:5)
126 creatures vanquished.

Grand Total: 1323 creatures vanquished

Notes
Turn   | Place    | Note
-------+----------+-------------------------------------------
     0 | D:1      | jlumianski the Demonspawn Fighter began the quest for the
                  | Orb.
     0 | D:1      | Reached XP level 1. HP: 18/18 MP: 1/1
   109 | D:2      | Noticed Robin
   122 | D:1      | Gained mutation: You are partially covered in large bone
                  | plates. (SH +4) [demonic ancestry]
   122 | D:1      | Reached XP level 2. HP: 19/24 MP: 2/2
   246 | D:1      | Found a faded altar of an unknown god.
   449 | D:1      | Found Qihuggeu's Antique Armour Shop.
   542 | D:1      | Reached XP level 3. HP: 28/29 MP: 3/3
  1162 | D:2      | Noticed a phantom
  1177 | D:2      | Killed a phantom
  1178 | D:2      | Gained mutation: You are mostly covered in large bone
                  | plates. (SH +6) [demonic ancestry]
  1178 | D:2      | Reached XP level 4. HP: 19/35 MP: 4/4
  1374 | D:2      | Killed Robin
  1375 | D:2      | Reached XP level 5. HP: 31/41 MP: 0/5
  1452 | D:3      | Found a snail-covered altar of Cheibriados.
  1969 | D:2      | Found the +4 robe of Augmentation {Str+4 Int+4 Dex+4}
  2466 | D:3      | You fall into a shaft and drop 2 floors!
  2466 | D:5      | Entered Level 5 of the Dungeon
  2466 | D:5      | Found a transporter.
  2466 | D:5      | Found a transporter.
  2650 | D:5      | Found an iron altar of Okawaru.
  2651 | D:5      | Noticed a centaur
  2665 | D:5      | Killed a centaur
  2666 | D:5      | Gained mutation: You have large cloven feet. [demonic
                  | ancestry]
  2666 | D:5      | Reached XP level 6. HP: 41/48 MP: 6/6
  2792 | D:5      | Found Faha's Weapon Shop.
  2939 | D:4      | Found Reubaraw's Jewellery Shop.
  2939 | D:4      | Found Waizaxau's Weapon Shoppe.
  3067 | D:4      | Found Epaffeaxel's Distillery.
  3076 | D:3      | Gained mutation: A meltable shield of frost defends you.
                  | (SH +0) [demonic ancestry]
  3076 | D:3      | Reached XP level 7. HP: 22/53 MP: 7/7
  3208 | D:4      | Bought a potion of heal wounds for 65 gold pieces
  3273 | D:3      | Reached skill level 5 in Axes
  3562 | D:3      | Found a hide-covered altar of Uskayaw.
  3973 | D:4      | Found a staircase to the Ecumenical Temple.
  4006 | Temple   | Entered the Ecumenical Temple
  4286 | D:6      | Found a blossoming altar of Fedhas.
  4300 | D:5      | Found a stormy altar of Qazlal.
  4302 | D:5      | Noticed an air elemental
  4303 | D:5      | Noticed a water elemental
  4303 | D:5      | Noticed a fire elemental
  4308 | D:5      | Became a worshipper of Qazlal Stormbringer
  4457 | D:5      | Noticed HilariousDeathArtist's ghost (amateur DjTm)
  4521 | D:5      | Gained mutation: You have hoof-like feet. [demonic
                  | ancestry]
  4521 | D:5      | Reached XP level 8. HP: 40/60 MP: 8/8
  4824 | D:5      | Identified the +6 trident "Nousey" {elec, rPois rC+ rN+
                  | Dex-4}
  4824 | D:5      | Identified the +2 ring mail of the Disbelieving Gods {rC+}
  5363 | D:6      | Reached skill level 1 in Dodging
  5477 | D:6      | Reached skill level 1 in Stealth
  5477 | D:6      | Reached skill level 5 in Shields
  5670 | D:6      | Reached skill level 5 in Armour
  5993 | D:6      | Found an ornate altar of the Wu Jian Council.
  6044 | D:6      | Reached XP level 9. HP: 67/67 MP: 9/9
  6276 | D:6      | Noticed Edmund
  6290 | D:6      | Killed Edmund
  6506 | D:7      | Found a sacrificial altar of Ru.
  6528 | D:7      | Reached skill level 1 in Throwing
  6530 | D:7      | Reached * piety under Qazlal
  6531 | D:7      | Reached skill level 5 in Fighting
  7759 | D:7      | Found a bloodstained altar of Trog.
  7842 | D:7      | Found a sparkling altar of Nemelex Xobeh.
  8066 | D:7      | Found a shadowy altar of Dithmenos.
  8067 | D:7      | Found a hazy altar of Hepliaklqana.
  8075 | D:7      | Identified a scroll of acquirement
  8075 | D:7      | Acquired 1029 gold pieces
  8774 | D:8      | Noticed Grum
  8775 | D:8      | Noticed Prince Ribbit
  8800 | D:7      | Killed Grum
  8817 | D:8      | Killed Prince Ribbit
  8817 | D:8      | Reached ** piety under Qazlal
  8818 | D:8      | Gained mutation: A meltable icy envelope protects you from
                  | harm. (AC +0) [demonic ancestry]
  8818 | D:8      | Reached XP level 10. HP: 74/74 MP: 10/10
  8825 | D:8      | Noticed Maggie
  8833 | D:8      | Killed Maggie
  9101 | D:9      | Found a shimmering altar of Xom.
  9207 | D:10     | Entered Level 10 of the Dungeon
  9258 | D:10     | Noticed a two-headed ogre
  9269 | D:10     | Killed a two-headed ogre
  9270 | D:10     | Reached skill level 10 in Axes
  9334 | D:10     | Noticed an ice statue
  9460 | D:10     | Noticed a centaur warrior
  9467 | D:10     | Killed a centaur warrior
  9506 | D:10     | Found a flagged portal.
  9524 | Bailey   | Entered a bailey
  9746 | Bailey   | Reached *** piety under Qazlal
  9776 | Bailey   | Noticed an orc knight
  9794 | Bailey   | Killed an orc knight
  9795 | Bailey   | Reached XP level 11. HP: 81/81 MP: 11/11
  9882 | Bailey   | Noticed an orc warlord
  9908 | Bailey   | Killed an orc warlord
  9925 | Bailey   | Found the +6 lightning scales {swift, rElec}
  9955 | Bailey   | Acquired 920 gold pieces
 10220 | D:4      | Bought a +4 ring of slaying for 780 gold pieces
 10267 | D:4      | Bought the +8 war axe "Jyathada" {vamp, Int+2 Stlth+} for
                  | 645 gold pieces
 10808 | D:8      | Reached **** piety under Qazlal
 10836 | D:9      | Found a staircase to the Orcish Mines.
 11067 | D:9      | Found a broken altar of Ashenzari.
 11569 | D:11     | Noticed a two-headed ogre
 11581 | D:10     | Killed a two-headed ogre
 11593 | D:11     | Reached ***** piety under Qazlal
 11667 | D:11     | Noticed a death yak
 11667 | D:11     | Noticed a death yak
 11672 | D:11     | Noticed a death yak
 11672 | D:11     | Noticed a death yak
 11673 | D:12     | Noticed a two-headed ogre
 11753 | D:11     | Noticed Amaemon
 11762 | D:11     | Killed Amaemon
 11763 | D:11     | Reached skill level 1 in Invocations
 11771 | D:11     | Noticed a death yak
 11771 | D:11     | Noticed a death yak
 11772 | D:11     | Found a staircase to the Lair.
 11779 | D:11     | Noticed a death yak
 11788 | D:11     | Killed a death yak
 11789 | D:11     | Reached skill level 1 in Evocations
 11789 | D:11     | Reached XP level 12. HP: 66/91 MP: 11/13
 11789 | D:11     | Killed a death yak
 11790 | D:11     | Killed a death yak
 11794 | D:11     | Killed a death yak
 11809 | D:11     | Noticed a death yak
 11822 | D:11     | Killed a death yak
 11905 | D:10     | Upgraded the game from 0.30-a0-329-g85436e0a43 to
                  | 0.30-a0-331-g8ab09dc110
 11922 | D:10     | Killed a death yak
 11923 | D:10     | Reached skill level 10 in Shields
 11936 | D:10     | Killed a death yak
 11940 | D:10     | Killed a death yak
 11942 | D:10     | Upgraded the game from 0.30-a0-331-g8ab09dc110 to
                  | 0.30-a0-335-ge5acde7520
 12065 | D:11     | Noticed a two-headed ogre
 12076 | D:11     | Killed a two-headed ogre
 12145 | D:11     | Noticed a two-headed ogre
 12153 | D:11     | Killed a two-headed ogre
 12277 | D:11     | Noticed a two-headed ogre
 12289 | D:11     | Killed a two-headed ogre
 12521 | D:12     | Noticed a boulder beetle
 12528 | D:11     | Killed a two-headed ogre
 12545 | D:12     | Killed a boulder beetle
 12657 | D:11     | Reached skill level 5 in Invocations
 12857 | D:1      | Bought a runed scarf for 216 gold pieces
 12857 | D:1      | Bought an embroidered scarf for 216 gold pieces
 12857 | D:1      | Bought a pair of glowing gloves for 202 gold pieces
 12857 | D:1      | Bought a pair of runed gloves for 202 gold pieces
 13057 | Lair:1   | Entered Level 1 of the Lair of Beasts
 13195 | D:13     | Noticed Rupert
 13195 | D:13     | Noticed a centaur warrior
 13195 | D:13     | Noticed Urug
 13195 | D:13     | Found a gate to the Vaults.
 13233 | D:12     | Noticed Fannar
 13242 | D:12     | Killed Fannar
 13268 | D:12     | Noticed Psyche
 13277 | D:12     | Killed Psyche
 13278 | D:12     | Reached XP level 13. HP: 98/98 MP: 17/17
 13463 | D:12     | Found Xowoiq's Jewellery Emporium.
 13471 | D:12     | Bought an amulet of reflection for 450 gold pieces
 13569 | D:12     | Found a portal to a secret trove of treasure.
 13918 | D:12     | Identified the +5 mace of Fiybby {vorpal, Str+4 Int+4 SInv}
 13961 | D:12     | Reached skill level 5 in Evocations
 14051 | D:12     | Paralysed by Rupert for 5 turns
 14066 | D:12     | Killed Rupert
 14127 | D:12     | Killed Urug
 14589 | D:13     | Noticed Maurice
 14601 | D:13     | Killed Maurice
 15249 | D:14     | Found Gotug's Assorted Antiques.
 15315 | D:14     | Bought a glowing chain mail for 217 gold pieces
 15377 | D:15     | Entered Level 15 of the Dungeon
 15377 | D:15     | Noticed a fire dragon
 15450 | D:14     | Reached XP level 14. HP: 106/106 MP: 20/20
 15663 | D:14     | Found Zoopetsefa's Antique Weapon Shop.
 15739 | D:14     | Found Duvidaw's Jewellery Shop.
 15741 | D:14     | Found Luamen's Assorted Antiques.
 15756 | D:14     | Bought a scroll labelled OPOHETARHI for 28 gold pieces
 16534 | D:15     | Found a broken altar of Ashenzari.
 16785 | D:15     | Reached skill level 10 in Invocations
 17349 | D:15     | Found a staircase to the Depths.
 17534 | Orc:1    | Entered Level 1 of the Orcish Mines
 17538 | Orc:1    | Noticed Snorg
 17602 | D:9      | Killed Snorg
 17699 | Orc:1    | Noticed Gastronok
 17712 | Orc:1    | Killed Gastronok
 17825 | Orc:1    | Found Medderix's Antique Weapon Shop.
 17900 | Orc:1    | Found a runed translucent gate.
 17900 | Orc:1    | Found a runed translucent gate.
 17901 | Orc:1    | Found a runed translucent gate.
 17906 | Orc:1    | Noticed Manan's ghost (journeyman MiBe)
 18034 | Orc:1    | Found an iron altar of Okawaru.
 18070 | Orc:2    | Entered Level 2 of the Orcish Mines
 18105 | Orc:2    | Found a staircase to the Elven Halls.
 18132 | Orc:2    | Found Feinen's Antique Weapon Boutique.
 18281 | Orc:2    | Gained mutation: You have hooves in place of feet. [demonic
                  | ancestry]
 18281 | Orc:2    | Reached XP level 15. HP: 114/114 MP: 16/22
 18424 | Orc:2    | Found Xenn's Weapon Shop.
 18581 | Orc:2    | Found a dark tunnel.
 18590 | Volcano  | Entered a volcano
 18950 | Volcano  | Reached skill level 15 in Axes
 18970 | Volcano  | Found a bloodstained altar of Trog.
 19420 | Orc:2    | Found Gabiri Goha's Armour Emporium.
 19428 | Orc:2    | Bought a +1 plate armour of poison resistance for 480 gold
                  | pieces
 19658 | Orc:2    | Found Pezxaruo's Antique Armour Emporium.
 19660 | Orc:2    | Found Vefroun's Antique Weapon Shoppe.
 19673 | Orc:2    | Bought a glowing helmet for 217 gold pieces
 19905 | Orc:2    | Killed Manan's ghost
 21823 | Lair:2   | Reached ****** piety under Qazlal
 21931 | Lair:2   | Found an opulent altar of Gozag.
 22019 | Lair:2   | Found a staircase to the Shoals.
 22507 | Lair:2   | Found the +8 whip "Snakebite" {venom, curare, rPois}
 22868 | Lair:4   | Noticed Josephine
 22873 | Lair:3   | Killed Josephine
 22956 | Lair:3   | Found a hole to the Spider Nest.
 22984 | Lair:3   | Reached skill level 10 in Fighting
 23703 | Lair:3   | Gained mutation: A meltable icy envelope protects you from
                  | harm. (AC +0) [demonic ancestry]
 23703 | Lair:3   | Reached XP level 16. HP: 122/122 MP: 25/25
 23884 | Lair:5   | Entered Level 5 of the Lair of Beasts
 24437 | Lair:4   | Found a staircase to the Slime Pits.
 24978 | Lair:5   | Reached skill level 10 in Evocations
 25400 | Lair:5   | Got the Parchment of the Mountains and the Oath
 25553 | Lair:5   | Reached skill level 5 in Dodging
 25799 | Lair:5   | Found a snail-covered altar of Cheibriados.
 26475 | Spider:1 | Entered Level 1 of the Spider Nest
 27567 | Spider:1 | Gained mutation: You are completely covered in large bone
                  | plates. (SH +8) [demonic ancestry]
 27567 | Spider:1 | Reached XP level 17. HP: 56/122 MP: 21/27
 28374 | Spider:2 | Reached skill level 15 in Shields
 29099 | Spider:3 | Noticed Jorgrun
 29164 | Spider:3 | Killed Jorgrun
 29352 | Spider:4 | Entered Level 4 of the Spider Nest
 30927 | Spider:4 | Reached skill level 15 in Invocations
 30951 | Spider:4 | Gained mutation: You regenerate magic rapidly. [demonic
                  | ancestry]
 30951 | Spider:4 | Reached XP level 18. HP: 131/138 MP: 29/29
 31088 | Spider:3 | Acquired a manual of Fighting
 31296 | Spider:4 | Gained mutation: You occasionally lose the ability to read
                  | scrolls when taking damage. [mutagenic glow]
 31319 | Spider:4 | Gained mutation: You occasionally shout uncontrollably at
                  | your foes. [mutagenic glow]
 31548 | Spider:4 | Got a gossamer rune of Zot
 31879 | Shoals:1 | Entered Level 1 of the Shoals
 32368 | Shoals:1 | Found Fuk Sauw's Jewellery Emporium.
 32445 | Shoals:1 | Identified the +3 scale mail "Ujejeot" {rElec Str+4}
 32732 | Shoals:2 | You are sucked into a shaft and drop 1 floor!
 33146 | Shoals:2 | Noticed Polyphemus
 33270 | Shoals:1 | Killed Polyphemus
 34352 | Shoals:4 | Entered Level 4 of the Shoals
 35237 | Shoals:4 | Identified the amulet of Okawaru's Envy {Faith Will-
                  | Slay+5}
 35416 | Shoals:4 | Got Poonimis's Incunabulum of Gusty Enchantment
 35458 | Shoals:4 | Found an opulent altar of Gozag.
 35554 | Shoals:4 | Killed from afar by a water nymph

Illustrated notes

Levels and vault maps discovered:
D:1:      dpeg_arrival_central, layout_basic, serial_shops, shop,
          shapermc_ecumenical_altar_gd, kennysheep_boxes
D:2:      layout_loops_ring, kennysheep_generic_room_3, uniq_robin
D:3:      layout_basic, cheibriados_altar_1, mainiacjoe_overflow_catwalk,
          nicolae_elyvilon_peaceful_grove
D:4:      layout_basic, nicolae_tso_swordbearing_angel,
          minmay_temple_entry_wispy, serial_shops, shop_fountains,
          nicolae_stop_n_shop_2, nicolae_shop_stone, nicolae_shop_stone,
          kennysheep_generic_room_13
D:5:      layout_basic, okawaru_ov_weapons_minmay,
          nicolae_qazlal_style_of_elements, gammafunk_ghost_gnarly_gnolls,
          serial_shops, shop, minmay_statues_item, hangedman_decor_riveting,
          chequers_serial_rivers_room_b
D:6:      layout_gridville, mainiacjoe_overflow_chevrons,
          mainiacjoe_overflow_concentric_impassable,
          minmay_fractal_squares_gapless_5, uniq_edmund
D:7:      kennysheep_slugbush, layout_loops_cross,
          riverfiend_overflow_shadow_ancestor, trog_hazing_becter,
          mainiacjoe_overflow_24_doors, nemelex_diamond_rough_becter
D:8:      layout_basic, uniq_grum, uniq_maggie, uniq_prince_ribbit1
D:9:      nicolae_BIG_FREAKIN_CUBE, layout_gridville,
          mainiacjoe_overflow_six_doors_small, xom_teletrap_fun,
          mainiacjoe_overflow_alcove_2, zombieorc2_lemuel
D:10:     cheibrodos_frozen_isle, layout_irregular_city, enter_bailey_3,
          abandoned_shop, hangedman_decor_diamond_cutter, nzn_life_drinkers
D:11:     layout_irregular_city, dpeg_lair_monsters, uniq_amaemon
D:12:     layout_loops_cross, nicolae_trove_entry_crystal, serial_shops,
          shop_statue, kennysheep_cluttered_room, minivault_16, minivault_15,
          uniq_fannar, uniq_psyche
D:13:     layout_irregular_city, david_vaults_3, uniq_maurice, uniq_rupert
D:14:     layout_irregular_city, serial_shops, nicolae_shop_crystal,
          nicolae_shop_overgrown_old_shop, shop, nicolae_take_the_stairs,
          nicolae_hexahallways
D:15:     gammafunk_enter_depths_forms, layout_irregular_city,
          chequers_mini_garden, evilmike_ruin_ashenzari
Temple:   hellmonk_temple_beads
Lair:1:   layout_cave_pods, cheibrodos_lair_reptile_den, grunt_megastairs_1,
          uniq_urug
Lair:2:   minmay_guarded_unrand_snakebite, layout_regular_city,
          minmay_shoals_entry_lonely_mermaid, basic_altar, worms_lemuel,
          serial_bayou_shore_b, grunt_megastairs_5
Lair:3:   layout_regular_city, hellmonk_spider_entry_not_the_bees,
          beast_lair_carwin_10
Lair:4:   layout_cave_pods, dpeg_slime_entry_corner, uniq_josephine
Lair:5:   due_jungle_book, layout_cave_pods, kennysheep_snail_temple,
          lemuel_fruit_fields, grunt_megastairs_4
Shoals:1: cheibrodos_shoals_roost, layout_shoals, serial_shops,
          nicolae_shop_statue_plus, lemuel_altar_in_water
Shoals:2: layout_shoals, nicolae_shoals_water_elemental_grotto, uniq_polyphemus
Shoals:3: layout_shoals
Shoals:4: shoals_end_hangedman, layout_shoals, lemuel_oklob_altar
Spider:1: layout_spider_delve
Spider:2: nicolae_spider_corner, dreamdust_wasp_nest
Spider:3: layout_chambers, hangedman_spider_tarantella_strand, uniq_jorgrun
Spider:4: hellmonk_spider_rune_bug_friends
Orc:1:    layout_diamond_mine, serial_shops, nicolae_shop_waterfront,
          gammafunk_ghost_fury_of_okawaru, uniq_gastronok, uniq_snorg
Orc:2:    grunt_orc_community_town_hall, layout_caves,
          grunt_orc_community_big_house_2, grunt_orc_community_big_house_1,
          grunt_orc_community_house_1, grunt_orc_community_house_3,
          grunt_orc_community_house_3, grunt_orc_community_house_1,
          serial_shops, shop, enter_volcano_3, basic_altar,
          portal_ice_cave_entry_animals_and_master

Skill      XL: |  1  2  3  4  5  6  7  8  9 10 11 12 13 14 15 16 17 18 |
---------------+-------------------------------------------------------+-----
Shields        | 3 4 5 6 8 9 10 11 12 13 14 15 16 | 16.9
Armour         | 3 4 5 6 7 8 9 |  9.3
Axes           | 2 3 4 6 7 9 10 12 13 14 15 16 | 16.8
Fighting       | 4 5 6 7 8 9 10 11 12 | 12.9
Dodging        | 1 3 4 5 |  5.2
Stealth        | 1 2 |  2.2
Throwing       | 1 2 3 |  3.3
Invocations    | 1 5 8 10 12 13 15 16 | 16.2
Evocations     | 1 4 6 8 9 11 12 | 12.8

Action                   |  1- 3 |  4- 6 |  7- 9 | 10-12 | 13-15 | 16-18 || total
-------------------------+-------+-------+-------+-------+-------+-------++-------
Melee: War axe           |   101 |    64 |       |   269 |   896 |  1135 ||  2465
       Broad axe         |       |    93 |   361 |   137 |     3 |     9 ||   603
       Kick              |       |    13 |   112 |   139 |   372 |   522 ||  1158
Throw: Dart              |       |     4 |     9 |       |       |       ||    13
       Javelin           |       |       |     1 |       |       |       ||     1
       Boomerang         |       |       |    17 |    10 |    19 |    38 ||    84
Invok: Upheaval          |       |       |       |     2 |     5 |     7 ||    14
       Elemental Force   |       |       |       |       |     9 |    15 ||    24
       Disaster Area     |       |       |       |       |       |     1 ||     1
Evoke: Wand              |       |       |       |     1 |       |     2 ||     3
       Lightning rod     |       |       |       |       |     1 |     3 ||     4
  Use: Scroll            |       |     6 |    12 |     8 |     6 |    12 ||    44
       Potion            |       |       |     5 |     2 |     1 |     1 ||     9
 Stab: Paralysed         |       |       |       |       |     6 |     5 ||    11
       Petrifying        |       |       |       |       |       |     1 ||     1
Armor: Scale mail        |    45 |    23 |       |       |       |       ||    68
       Chain mail        |       |    47 |   109 |       |       |       ||   156
       Swamp dragon scal |       |       |       |    72 |       |       ||    72
       Plate armour      |       |       |       |     7 |   265 |   543 ||   815
Dodge: Dodged            |    47 |    40 |    86 |    93 |   156 |   243 ||   665
       Repelled          |       |       |       |     2 |     5 |     1 ||     8
Block: Buckler           |    40 |   107 |   256 |       |       |       ||   403
       Kite shield       |       |       |    33 |   555 |  1218 |  2364 ||  4170
       Reflection        |       |       |       |       |    12 |    38 ||    50

Table legend: (Time is in decaauts)
 A = Elapsed time spent in this place.
 B = Non-inter-level travel time spent in this place.
 C = Inter-level travel time spent in this place.
 D = Time resting spent in this place.
 E = Time spent auto-exploring this place.
 F = Levels seen in this place.
 G = Mean time per level.
                   A        B        C        D        E       F      G
               +--------+--------+--------+--------+--------+-----+--------+
         Total |  35810 |  33542 |   2268 |   3527 |  16805 |  33 | 1085.2 |
       Dungeon |  17520 |  15987 |   1533 |   1488 |   8007 |  15 | 1168.0 |
        Temple |    115 |    115 |      0 |      0 |     88 |   1 |  115.0 |
          Lair |   5832 |   5369 |    463 |    178 |   3454 |   5 | 1166.4 |
        Shoals |   3596 |   3506 |     90 |     90 |   2100 |   4 |  899.0 |
   Spider Nest |   5069 |   4931 |    138 |   1018 |   2057 |   4 | 1267.2 |
  Orcish Mines |   2626 |   2584 |     42 |    749 |    866 |   2 | 1313.0 |
        Bailey |    490 |    490 |      0 |      4 |      3 |   1 |  490.0 |
       Volcano |    560 |    560 |      0 |      0 |    229 |   1 |  560.0 |
               +--------+--------+--------+--------+--------+-----+--------+

Top non-repeatable levels by time:
     D:7: 1862 daAuts
   Orc:2: 1820 daAuts
     D:5: 1771 daAuts
Spider:3: 1644 daAuts
  Lair:5: 1436 daAuts
Spider:2: 1401 daAuts
Shoals:1: 1313 daAuts
    D:11: 1304 daAuts
     D:1: 1290 daAuts
    D:14: 1274 daAuts
    D:12: 1251 daAuts
     D:3: 1236 daAuts
  Lair:3: 1179 daAuts
Spider:1: 1158 daAuts
     D:6: 1127 daAuts
